 Dungeon Crawl Stone Soup version 0.29.1-4-g47bece8355 (webtiles) character file.

Game seed: 12460944054314379967

538 Hiippo the Poker (level 7, 0/57 HPs)
             Began as a Formicid Abyssal Knight on Dec 1, 2022.
             Was a Priest of Lugonu.
             Slain by a black bear (5 damage)
             ... on level 5 of the Dungeon.
             The game lasted 00:18:55 (4185 turns).

Hiippo the Poker (Formicid Abyssal Knight)          Turns: 4185, Time: 00:18:57

Health: 0/57       AC:  7    Str: 26 (27) XL:     7   Next: 51%
Magic:  7/8        EV:  8    Int:  6 (8)  God:    Lugonu [***...]
Gold:   296        SH:  6    Dex: 10 (12) Spells: 6/6 levels left

rFire   . . .      SeeInvis +   l - +0 scythe
rCold   . . .      Faith    .   o - +0 kite shield
rNeg    . . .      Spirit   .   u - +0 scale mail
rPois   .          Reflect  .   (helmet unavailable)
rElec   .          Harm     .   n - +0 cloak
rCorr   .          Rampage  .   (no gloves)
Will    .....      Clarity  +   (no boots)
Stlth   ..........              (no amulet)
HPRegen 0.19/turn               (no ring)
MPRegen 0.11/turn               (no ring)

@: no status effects
A: permanent stasis, dig shafts and tunnels, antennae 3, four strong arms,
clarity, sense surroundings 1, strong 2
a: Dig, Shaft Self, Renounce Religion, Depart the Abyss, Bend Space, Banish


You were on level 5 of the Dungeon.
You worshipped Lugonu.
Lugonu was most pleased with you.
You visited 1 branch of the dungeon, and saw 5 of its levels.
You visited the Abyss 1 time.

You collected 296 gold pieces.

Inventory:

Hand Weapons
 a - a +1 spear
 l - a +0 scythe (weapon)
 s - a +0 vorpal sling
Missiles
 t - 7 poisoned darts
Armour
 b - a +0 leather armour
 h - a +0 ring mail
 n - a +0 cloak (worn)
 o - a +0 kite shield (worn)
 u - a +0 scale mail (worn)
Wands
 p - a wand of charming (11)
 q - a wand of roots (7)
 r - a wand of mindburst (11)
Scrolls
 c - a scroll of poison {unknown}
 f - a scroll of enchant armour {unknown}
 g - 4 scrolls of teleportation
 j - 4 scrolls of noise
Potions
 d - a potion of might
 e - 3 potions of haste
 i - a potion of curing
 k - 2 potions of mutation
 m - 2 potions of attraction {unknown}


   Skills:
 - Level 5.7 Fighting
 + Level 6.3 Polearms
 - Level 2.1 Armour
 - Level 0.8 Dodging
 - Level 2.1 Invocations


You had 6 spell levels left.
You didn't know any spells.
Your spell library contained the following spells:

 Spells                   Type           Power      Damage    Failure   Level
 Apportation              Tloc           0%         N/A       97%         1
 Scorch                   Fire           0%         2d5       99%         2
 Flame Wave               Conj/Fire      0%         2d4       100%        4
 Alistair's Intoxication  Tmut/Pois      0%         N/A       100%        5
 Fireball                 Conj/Fire      0%         3d3       100%        5
 Starburst                Conj/Fire      0%         6d3       100%        6
 Summon Cactus Giant      Summ           0%         N/A       100%        6
 Ignition                 Fire           0%         3d3       100%        8


Dungeon Overview and Level Annotations

Branches:
Dungeon (5/15)
 Temple: D:4-7

Altars:
Gozag
Hepliaklqana

Shops:
D:2 [

Annotations:
D:4 3 runed translucent doors, Anandil's ghost, novice FoFi


Innate Abilities, Weirdness & Mutations

You cannot be hasted, slowed, berserked, paralysed or teleported.
You can dig through walls and to a lower floor.
You have a pair of large antennae on your head. (SInv)
Your four strong arms can wield two-handed weapons with a shield.
You possess an exceptional clarity of mind.
You passively map a small area around you.
Your muscles are very strong. (Str +8, Int/Dex -2)


Message History

The black bear bites you!
The black bear claws you but does no damage.
The black bear claws you.
You barely miss the black bear.
The black bear is almost dead.
The black bear bites you but does no damage.
The black bear claws you but does no damage. x2
The black bear bites you. The black bear claws you. x2
You barely miss the black bear.
The black bear is almost dead.
The black bear bites you.
* * * LOW HITPOINT WARNING * * *
The black bear claws you but does no damage.
The black bear claws you.
* * * LOW HITPOINT WARNING * * *
The black bear bites you.
* * * LOW HITPOINT WARNING * * *
The black bear claws you.
* * * LOW HITPOINT WARNING * * *
The black bear claws you but does no damage.
Space bends violently around you!
You blink.
Found a stone staircase leading down.
Found a scroll labelled JADOUDESO.
The black bear rages.
You feel better. The black bear bites you!
* * * LOW HITPOINT WARNING * * *
The black bear claws you but does no damage.
The black bear barely misses you.
You feel better. The black bear closely misses you. The black bear claws you.
* * * LOW HITPOINT WARNING * * *
The black bear claws you.
* * * LOW HITPOINT WARNING * * *
The black bear barely misses you. The black bear closely misses you.
The black bear barely misses you.
Aiming: Charm
Press: ? - help, Q - select action, (/) - cycle Shift-Dir - straight line, f/p - black bear
Aim: a black bear (almost dead, berserk, chance to affect: 49%)
The black bear resists with some effort.
The black bear bites you.
You die...

##..#.#..##
##.#.#..#.
#######.#....#.
#.........#..## *
#####.#####.#.#..##
, ..... ,*
#.#.#.... * #.J#.
#......## *, #h.#.#
* ###.#### , #@...#
* #.# , #.####, ,
..#* #.., .... * *
#... * #...#,*
##..., ..... , *
...? .#... *.>... ,
*###### *** *


You could see a black bear (berserk) and a jelly.

Vanquished Creatures
  Sigmund (D:2)
  A phantom (D:2)
  A scorpion (D:5)
  3 hounds (D:5)
  A jelly (D:4)
  5 adders
  An ufetubus (D:4)
  2 dart slugs
  3 orcs
  5 bats
  9 endoplasms
  6 giant cockroaches
  5 goblins
  5 hobgoblins
  7 quokkas
  6 ball pythons
  5 frilled lizards
  4 kobolds
  3 rats
73 creatures vanquished.

Notes
Turn   | Place    | Note
-------+----------+-------------------------------------------
     0 | Abyss:1  | Hiippo the Formicid Abyssal Knight began the quest for the
                  | Orb.
     0 | Abyss:1  | Reached XP level 1. HP: 18/18 MP: 2/2
     1 | D:1      | Escaped the Abyss
    67 | D:1      | Reached XP level 2. HP: 22/24 MP: 3/3
   612 | D:1      | Found a faded altar of an unknown god.
   733 | D:1      | Reached XP level 3. HP: 30/30 MP: 4/4
  1224 | D:2      | Reached skill level 3 in Polearms
  1329 | D:2      | Noticed a phantom
  1369 | D:2      | Killed a phantom
  1370 | D:2      | Reached XP level 4. HP: 12/38 MP: 5/5
  1370 | D:2      | Reached XP level 5. HP: 14/43 MP: 6/6
  1606 | D:2      | Reached *** piety under Lugonu
  1779 | D:2      | Found Wilie's Armour Emporium.
  1782 | D:2      | Noticed Sigmund
  2046 | D:2      | Killed Sigmund
  2047 | D:2      | Reached skill level 5 in Fighting
  2047 | D:2      | Reached skill level 4 in Polearms
  2047 | D:2      | Reached XP level 6. HP: 22/52 MP: 7/7
  3173 | D:4      | Reached skill level 5 in Polearms
  3259 | D:3      | Gained mutation: Your muscles are strong. (Str +4, Int/Dex
                  | -1) [potion of mutation]
  3259 | D:3      | Gained mutation: You passively map a small area around you.
                  | [potion of mutation]
  3259 | D:3      | Gained mutation: Your muscles are very strong. (Str +8,
                  | Int/Dex -2) [potion of mutation]
  3259 | D:3      | Gained mutation: You possess an exceptional clarity of
                  | mind. [potion of mutation]
  3561 | D:4      | Reached XP level 7. HP: 57/57 MP: 8/8
  3684 | D:4      | Found a hazy altar of Hepliaklqana.
  3684 | D:4      | Found an opulent altar of Gozag.
  3783 | D:4      | Noticed a water moccasin
  3790 | D:4      | Noticed Anandil's ghost (novice FoFi)
  3841 | D:4      | Found a runed translucent gate.
  3841 | D:4      | Found a runed translucent gate.
  3843 | D:4      | Found a runed translucent gate.
  3982 | D:5      | Entered Level 5 of the Dungeon
  4094 | D:5      | Reached skill level 6 in Polearms
  4185 | D:5      | Slain by a black bear

Illustrated notes

Levels and vault maps discovered:
D:1:      dpeg_arrival_rooms_with_view, layout_basic,
          hellmonk_ecumenical_altar_inner_sanctum, dreamdust_wishing_well
D:2:      layout_basic, serial_shops, shop, minmay_quantized, uniq_sigmund
D:3:      layout_basic
D:4:      layout_cave_pools, mainiacjoe_overflow_divided_tiny,
          gammafunk_ghost_split
D:5:      layout_loops_cross, small_statue_intersection, grunt_ministairs_15,
          nicolae_shop_firing_range, uniq_blork_the_orc

Skill      XL: |  1  2  3  4  5  6  7 |
---------------+----------------------+-----
Fighting       | 4 5 |  5.7
Polearms       | 3 4 5 6 |  6.3
Armour         | |  2.1
Dodging        | |  0.8
Invocations    | |  2.1

Action                   |  1- 3 |  4- 6 |  7- 9 || total
-------------------------+-------+-------+-------++-------
Melee: Spear             |    85 |    54 |       ||   139
       Halberd           |       |    84 |    48 ||   132
Invok: Bend Space        |       |       |     1 ||     1
 Abil: Dig               |       |     2 |       ||     2
Evoke: Wand              |       |       |     1 ||     1
  Use: Scroll            |       |     4 |       ||     4
       Potion            |       |     7 |     2 ||     9
 Stab: Sleeping          |     2 |       |       ||     2
Armor: Leather armour    |     4 |       |       ||     4
       Ring mail         |     7 |    24 |       ||    31
       Scale mail        |       |    28 |    34 ||    62
Dodge: Dodged            |    28 |    55 |    31 ||   114
Block: Kite shield       |       |    23 |    12 ||    35
